[Event "Titled Tuesday Blitz June 29 2021"]
[White "OlegKrivonosov"]
[Black "Aleksandar-Topalov"]
[WhiteElo "2736"]
[BlackElo "2394"]
[Result "1/2-1/2"]
[Round "06"]
[TimeControl "180+1"]
[Date "2021.06.29"]
[WhiteClock "0:02:01"]
[BlackClock "0:01:37"]

1. Nf3 Nf6 2. c4 c5 3. Nc3 Nc6 4. d4 cxd4 5. Nxd4 g6 6. e4 d6 7. Be2 Bg7 8. Be3 O-O 9. O-O Nxd4 10. Bxd4 Bd7 11. Qd2 Bc6 12. f3 Nd7 13. Rac1 Bxd4+ 14. Qxd4 Qb6 15. Qxb6 Nxb6 16. b3 Rfc8 17. Kf2 Nd7 18. Nd5 Bxd5 19. cxd5 Kf8 20. Ke3 Ke8 21. f4 Kd8 22. h4 Rxc1 23. Rxc1 Rc8 24. Rxc8+ Kxc8 25. g4 h6 26. g5 hxg5 27. hxg5 Kd8 28. Bg4 Nf8 29. b4 e6 30. dxe6 fxe6 31. Kd4 Ke7 32. e5 d5 33. Be2 b6 34. a4 Nd7 35. Bd3 Nf8 36. Bb5 Kd8 37. Bd3 Kc7 38. Kc3 Kb7 39. Kd4 Kc7 40. Kc3 Kb7 41. Kd4 Kc7 1/2-1/2


[Site "https://www.chess.com"]

[Event "Titled Tuesday Blitz June 29 2021"]
[White "Oleksandr_Bortnyk"]
[Black "GigaQuparadze"]
[WhiteElo "3023"]
[BlackElo "2970"]
[Result "1/2-1/2"]
[Round "06"]
[TimeControl "180+1"]
[Date "2021.06.29"]
[WhiteClock "0:00:07"]
[BlackClock "0:00:17"]

1. e4 c5 2. c3 d5 3. exd5 Qxd5 4. d4 Nc6 5. Be3 cxd4 6. cxd4 e6 7. Nc3 Qd8 8. Nf3 Nf6 9. Bd3 Nb4 10. Bb1 Nbd5 11. O-O Be7 12. Re1 O-O 13. Bg5 b6 14. Qd3 g6 15. Ne5 Bb7 16. Qh3 Nh5 17. Bxe7 Nxe7 18. Be4 Bxe4 19. Rxe4 Nd5 20. Rae1 Rc8 21. Rg4 Nhf6 22. Rg5 Nxc3 23. bxc3 Ne4 24. Rg4 Nxc3 25. Qh6 Qf6 26. Nd7 Qg7 27. Qxg7+ Kxg7 28. Nxf8 Kxf8 29. h4 Nxa2 30. d5 exd5 31. Ra4 Nc3 32. Rxa7 Rc4 33. Ree7 Rf4 34. g3 Rf5 35. Red7 Ne4 36. g4 Rf4 37. g5 Kg7 38. Rxd5 h6 39. gxh6+ Kxh6 40. Rd4 f5 41. Rdd7 Kh5 42. Rh7+ Kg4 43. Rag7 Rxf2 44. Rxg6+ Kh3 45. Rf7 Rf3 46. h5 Ng3 47. Rxg3+ Kxg3 48. h6 Rc3 49. Rg7+ Kf4 50. h7 Rh3 51. Kg2 Rh6 52. Rb7 b5 53. Kf2 Kg4 54. Rg7+ Kf4 55. Rb7 Rh2+ 56. Kg1 Rh6 57. Kg2 Kg4 58. Rg7+ Kf4 59. Rb7 Kg5 60. Kg3 Kg6 61. Rxb5 Rxh7 62. Ra5 Kg5 63. Rb5 Re7 64. Rb3 Re4 65. Kf3 Rg4 66. Ra3 Rf4+ 67. Kg3 Rh4 68. Ra5 Re4 69. Ra3 Re2 70. Kf3 Rh2 71. Kg3 Rh6 72. Ra5 Rd6 73. Ra3 Rd5 74. Rb3 Re5 75. Ra3 Re4 76. Rb3 Rg4+ 77. Kf3 Rh4 78. Kg3 f4+ 79. Kg2 Kg4 80. Rb8 f3+ 81. Kg1 Kg3 82. Rg8+ Kf4 83. Rf8+ Ke3 84. Re8+ Re4 85. Rxe4+ Kxe4 86. Kf2 Kf4 87. Kf1 Kg3 88. Kg1 f2+ 89. Kf1 Kf3 1/2-1/2


[Site "https://www.chess.com"]

[Event "Titled Tuesday Blitz June 29 2021"]
[White "Rodalquilar"]
[Black "Shuvalov"]
[WhiteElo "2748"]
[BlackElo "2465"]
[Result "1-0"]
[Round "06"]
[TimeControl "180+1"]
[Date "2021.06.29"]
[WhiteClock "0:00:09"]
[BlackClock "0:00:01"]

1. d4 Nf6 2. Bg5 d5 3. Nd2 Bf5 4. Bxf6 gxf6 5. e3 e6 6. g3 Nd7 7. Bg2 c6 8. Ne2 Bd6 9. c4 dxc4 10. Nxc4 Bb4+ 11. Nc3 Nb6 12. Qb3 Be7 13. Na5 Qc7 14. O-O Rb8 15. Rac1 a6 16. e4 Bg6 17. d5 exd5 18. exd5 Nxd5 19. Nxd5 Qxa5 20. Rxc6 Bd8 21. Qe3+ Kf8 22. Rc5 Qxa2 23. Qh6+ Kg8 24. Re1 Qa4 25. Re7 Qd1+ 26. Bf1 Qxd5 27. Re8# 1-0


[Site "https://www.chess.com"]

[Event "Titled Tuesday Blitz June 29 2021"]
[White "Sanan_Sjugirov"]
[Black "Ranindu2003"]
[WhiteElo "2945"]
[BlackElo "2710"]
[Result "1-0"]
[Round "06"]
[TimeControl "180+1"]
[Date "2021.06.29"]
[WhiteClock "0:00:02"]
[BlackClock "0:00:01"]

1. e4 e6 2. d4 d5 3. e5 c5 4. c3 Nc6 5. Nf3 Qb6 6. a3 f6 7. Bd3 g6 8. O-O fxe5 9. dxe5 Nh6 10. c4 Nf7 11. Nc3 d4 12. Ne4 Bg7 13. Nf6+ Bxf6 14. exf6 e5 15. Ng5 Ncd8 16. Ne4 Bf5 17. b4 O-O 18. Rb1 Qc6 19. Nxc5 b6 20. Bxf5 gxf5 21. Nd3 Qxf6 22. Re1 Ne6 23. f3 Rae8 24. Bb2 Qg6 25. Nf2 Nf4 26. g3 Nh5 27. Kh1 Ng5 28. Rg1 Qc6 29. Kg2 Rd8 30. Bc1 f4 31. g4 Nf6 32. h4 Nf7 33. Re1 Rfe8 34. Rb2 Nd6 35. g5 Nh5 36. Ng4 Nxc4 37. Rc2 b5 38. Qd3 Qd6 39. Nh6+ Kf8 40. Qf5+ 1-0


[Site "https://www.chess.com"]

[Event "Titled Tuesday Blitz June 29 2021"]
[White "ShapkinAnatoliy"]
[Black "erichansen"]
[WhiteElo "2706"]
[BlackElo "2923"]
[Result "1/2-1/2"]
[Round "06"]
[TimeControl "180+1"]
[Date "2021.06.29"]
[WhiteClock "0:00:04"]
[BlackClock "0:00:04"]

1. d4 Nf6 2. c4 e6 3. g3 d5 4. Nf3 Bb4+ 5. Bd2 Be7 6. Bg2 O-O 7. O-O Nbd7 8. Qc2 c6 9. Bf4 Nh5 10. Bc1 Nhf6 11. Nbd2 b6 12. e4 Bb7 13. b3 c5 14. exd5 exd5 15. Bb2 Rc8 16. Rfe1 Re8 17. Rad1 Bf8 18. Qf5 g6 19. Qh3 Rxe1+ 20. Rxe1 dxc4 21. Nxc4 b5 22. Nce5 c4 23. Nxf7 Qa5 24. N7g5 Bd5 25. bxc4 bxc4 26. Rf1 c3 27. Bc1 Qb5 28. Ne5 h5 29. Nxd7 Nxd7 30. Re1 c2 31. Bxd5+ Qxd5 32. Qe6+ Qxe6 33. Nxe6 Nf6 34. Nf4 Kf7 35. h4 Bd6 36. Kf1 Bxf4 37. Bxf4 Nd5 38. Bd2 Rc4 39. Rc1 Nb6 40. Ke2 Ke6 41. Kd3 Kd5 42. Be3 Ra4 43. Rxc2 Nc4 44. Ke2 Ra3 45. Bc1 Ra4 46. Be3 Ra3 47. Bc1 Ra4 48. f3 Kd6 49. Bf4+ Kd5 50. Be5 Ra3 51. Kf2 a6 52. g4 Rd3 53. Re2 a5 54. gxh5 gxh5 55. Kg3 a4 56. Kf4 a3 57. Kg5 Rxf3 58. Kxh5 Ne3 59. Kg6 Rh3 60. h5 Ng4 61. Bg7 Kc4 62. h6 Nxh6 63. Bxh6 Kxd4 64. Bg7+ Kc4 65. Kf5 Kd3 66. Re6 Rf3+ 67. Ke5 Rf2 68. Kd5 Rxa2 69. Bd4 Re2 70. Rxe2 Kxe2 71. Kc4 Kd2 72. Kb3 Kd3 73. Kxa3 1/2-1/2


[Site "https://www.chess.com"]

[Event "Titled Tuesday Blitz June 29 2021"]
[White "Sharpchess22"]
[Black "Jospem"]
[WhiteElo "2867"]
[BlackElo "2960"]
[Result "1-0"]
[Round "06"]
[TimeControl "180+1"]
[Date "2021.06.29"]
[WhiteClock "0:00:53"]
[BlackClock "0:00:16"]

1. e4 c5 2. Nf3 d6 3. Bb5+ Nd7 4. a4 Nf6 5. Nc3 g6 6. O-O Bg7 7. Re1 a6 8. Bc4 O-O 9. h3 b6 10. d3 Bb7 11. Qd2 e6 12. Qf4 d5 13. Ba2 Nh5 14. Qh2 Nhf6 15. Qf4 Rc8 16. Qh4 c4 17. e5 Ne8 18. Bg5 Qc7 19. d4 Nb8 20. Be7 Nc6 21. Bxf8 Bxf8 22. Nd1 b5 23. axb5 axb5 24. Bb1 b4 25. c3 b3 26. Ne3 Qe7 27. Qg3 Bg7 28. h4 Rb8 29. h5 Qd8 30. hxg6 hxg6 31. Ng5 Ne7 32. Qh4 Nf5 33. Bxf5 gxf5 34. g4 f4 35. Ng2 Bc8 36. Nxf4 Qe7 37. Kg2 Kf8 38. Nh7+ Kg8 39. Qxe7 Kxh7 40. Qxe8 Bh6 41. Qxf7+ Bg7 42. Rh1# 1-0


[Site "https://www.chess.com"]

[Event "Titled Tuesday Blitz June 29 2021"]
[White "Tayson_7"]
[Black "Khamrakulov_Djurabek"]
[WhiteElo "2640"]
[BlackElo "2825"]
[Result "0-1"]
[Round "06"]
[TimeControl "180+1"]
[Date "2021.06.29"]
[WhiteClock "0:00:03"]
[BlackClock "0:00:08"]

1. e4 e6 2. d4 d5 3. Nd2 dxe4 4. Nxe4 Nd7 5. Nf3 Ngf6 6. Nxf6+ Nxf6 7. c3 c5 8. Ne5 a6 9. Qa4+ Nd7 10. Be3 cxd4 11. Bxd4 f6 12. Nf3 Be7 13. O-O-O Qc7 14. Bc4 e5 15. Be3 Kf8 16. Bb3 Nc5 17. Bxc5 Qxc5 18. Qe4 a5 19. Rd5 Qc6 20. Ba4 Bf5 21. Qxf5 Qxd5 22. Bb3 g6 23. Qh3 Qc6 24. Qh6+ Ke8 25. Qg7 Rf8 26. Qxh7 a4 27. Qxg6+ Kd7 28. Rd1+ Kc7 29. Bd5 Qc5 30. a3 Rad8 31. Qe4 Rd7 32. Bxb7 Rxd1+ 33. Kxd1 Rb8 34. Bd5 Rxb2 35. Nd2 Qxc3 36. Qe3 Qxe3 37. fxe3 Bxa3 38. Nc4 Rb5 39. e4 Bc5 40. Nd2 a3 41. Kc1 Be3 42. Kd1 Bxd2 43. Kxd2 Rxd5+ 0-1


[Site "https://www.chess.com"]

[Event "Titled Tuesday Blitz June 29 2021"]
[White "exoticprincess"]
[Black "Aradhya2000"]
[WhiteElo "2866"]
[BlackElo "2696"]
[Result "1-0"]
[Round "06"]
[TimeControl "180+1"]
[Date "2021.06.29"]
[WhiteClock "0:01:02"]
[BlackClock "0:00:26"]

1. e4 e5 2. Nf3 Nc6 3. d4 exd4 4. Nxd4 Nf6 5. Nxc6 dxc6 6. Qxd8+ Kxd8 7. f3 Be6 8. Be3 Nd7 9. Nd2 Bc5 10. Kf2 Ke7 11. Bc4 Rhd8 12. Rad1 a5 13. a4 Bxe3+ 14. Kxe3 Nb6 15. Bxe6 Kxe6 16. b3 Rd7 17. Nb1 Rad8 18. Nc3 f5 19. Rxd7 Rxd7 20. Rd1 Rxd1 21. Nxd1 fxe4 22. fxe4 Nd7 23. Nf2 Ne5 24. Nd3 b6 25. Nxe5 Kxe5 26. c4 g5 27. c5 b5 28. Kd3 bxa4 29. bxa4 h5 30. Ke3 Kf6 31. Kd4 Ke6 32. Kd3 Ke5 33. Ke3 Kf6 34. h4 Kg6 35. g3 Kf6 36. hxg5+ Kxg5 37. Kf3 Kg6 38. Kf4 Kf6 39. e5+ Ke6 40. Ke4 Kf7 41. Kf5 Ke7 42. e6 Ke8 43. Kg5 Ke7 44. Kxh5 Kxe6 45. g4 Kf7 46. Kh6 Kg8 47. Kg6 Kf8 48. Kf6 Kg8 49. Ke6 Kg7 50. Kd7 Kg6 51. Kxc7 Kg5 52. Kxc6 Kxg4 53. Kb5 Kf5 54. Kxa5 Ke6 55. Kb6 Kd7 56. Kb7 Kd8 57. c6 1-0


[Site "https://www.chess.com"]

[Event "Titled Tuesday Blitz June 29 2021"]
[White "wonderfultime"]
[Black "moro182"]
[WhiteElo "2869"]
[BlackElo "2697"]
[Result "0-1"]
[Round "06"]
[TimeControl "180+1"]
[Date "2021.06.29"]
[WhiteClock "0:00:03"]
[BlackClock "0:00:04"]

1. d4 d5 2. Nf3 Nf6 3. Bf4 c5 4. c3 Nc6 5. e3 e6 6. Nbd2 Nh5 7. Be5 f6 8. Bg3 g6 9. Bd3 Nxg3 10. hxg3 Kf7 11. Qe2 Qb6 12. Rb1 Bd7 13. g4 Bd6 14. dxc5 Qxc5 15. e4 Ne5 16. Nxe5+ Bxe5 17. Nf3 dxe4 18. Bxe4 Bb5 19. Bd3 Bxd3 20. Qxd3 Rad8 21. Qe4 Qd5 22. Qxd5 Rxd5 23. Rd1 Rxd1+ 24. Kxd1 Bc7 25. Kc2 Bb6 26. Rf1 Rd8 27. b4 e5 28. Nd2 f5 29. f3 Kf6 30. Nc4 Bc7 31. gxf5 gxf5 32. Rh1 Kg6 33. a3 b5 34. Ne3 Bb6 35. Nf1 e4 36. fxe4 fxe4 37. Nd2 e3 38. Nf3 h5 39. a4 bxa4 40. c4 a5 41. c5 Ba7 42. Ne5+ Kg7 43. Nc6 Rd2+ 44. Kb1 axb4 45. Nxa7 e2 46. Kc1 Ra2 47. Kb1 b3 48. Nb5 Rd2 49. Nc3 a3 50. c6 Rc2 51. Nxe2 a2+ 52. Ka1 Rxe2 53. c7 Rc2 54. Rf1 Kg6 55. g3 Rxc7 56. Kb2 Rb7 57. Re1 Kg5 58. Re4 Ra7 59. Re5+ Kg4 60. Re1 a1=Q+ 0-1


[Site "https://www.chess.com"]

[Event "Titled Tuesday Blitz June 29 2021"]
[White "Aborigen_came"]
[Black "ChessLover0108"]
[WhiteElo "2676"]
[BlackElo "2849"]
[Result "0-1"]
[Round "07"]
[TimeControl "180+1"]
[Date "2021.06.29"]
[WhiteClock "0:00:03"]
[BlackClock "0:00:08"]

1. Nc3 c5 2. e4 d6 3. Bb5+ Bd7 4. Bxd7+ Qxd7 5. d3 Nc6 6. Nge2 e6 7. O-O Nf6 8. Bg5 Be7 9. h3 h6 10. Bf4 d5 11. e5 Nh7 12. Bh2 O-O 13. Qd2 Bd8 14. Nd1 Bc7 15. f4 f6 16. exf6 Nxf6 17. Ne3 Rae8 18. Ng4 d4 19. Nxf6+ Rxf6 20. Ng3 b6 21. Rf3 Nb4 22. c4 dxc3 23. bxc3 Nd5 24. Ne4 Rf7 25. Raf1 Qc6 26. f5 e5 27. f6 Nf4 28. g3 Nxh3+ 29. Kg2 Ng5 30. Nxg5 hxg5 31. Qxg5 Rxf6 32. Qg4 Rxf3 33. Rxf3 e4 34. dxe4 Rxe4 35. Qf5 Re2+ 36. Kg1 Qe6 37. Qxe6+ Rxe6 38. Kf2 Be5 39. Bg1 c4 40. Re3 Kf7 41. Kf3 b5 42. Bf2 a6 43. g4 Bf6 44. Rxe6 Kxe6 45. Be1 Kd5 46. Kf4 g6 47. Bd2 Be7 48. Be1 a5 49. Bd2 b4 50. cxb4 axb4 51. Bc1 Bf6 52. Kf3 b3 53. axb3 cxb3 54. Kf4 Ke6 55. Ke4 b2 0-1


[Site "https://www.chess.com"]

[Event "Titled Tuesday Blitz June 29 2021"]
[White "AldokhinIvan"]
[Black "SIOJ"]
[WhiteElo "2482"]
[BlackElo "2284"]
[Result "1-0"]
[Round "07"]
[TimeControl "180+1"]
[Date "2021.06.29"]
[WhiteClock "0:01:37"]
[BlackClock "0:00:47"]

1. d4 d5 2. c4 c6 3. cxd5 cxd5 4. Bg5 Nc6 5. Nc3 f6 6. Bd2 Nxd4 7. e3 Nc6 8. Qh5+ g6 9. Qxd5 Qxd5 10. Nxd5 Kf7 11. Nf3 e5 12. Nc7 Rb8 13. Bc4+ Kg7 14. Ne6+ Bxe6 15. Bxe6 Bb4 16. Rc1 Bxd2+ 17. Nxd2 Nge7 18. Ke2 Rhd8 19. Ne4 f5 20. Nc5 Rd6 21. Rhd1 Rbd8 22. Rxd6 Rxd6 23. Bb3 b6 24. Na6 Kf6 25. a3 Na5 26. Ba2 Nac6 27. Nc7 f4 28. Ne8+ 1-0


[Site "https://www.chess.com"]

[Event "Titled Tuesday Blitz June 29 2021"]
[White "Aleksandar-Topalov"]
[Black "Riazantsev"]
[WhiteElo "2400"]
[BlackElo "2745"]
[Result "0-1"]
[Round "07"]
[TimeControl "180+1"]
[Date "2021.06.29"]
[WhiteClock "0:00:18"]
[BlackClock "0:00:33"]

1. b3 Nf6 2. Bb2 g6 3. Bxf6 exf6 4. c4 d5 5. cxd5 Qxd5 6. Nc3 Qd8 7. e3 Bd6 8. Nge2 O-O 9. g3 c5 10. Bg2 Nc6 11. O-O Be6 12. d4 cxd4 13. exd4 Bd7 14. Nd5 Kg7 15. Qd2 Re8 16. Nef4 Bf5 17. Rfe1 Qd7 18. Rad1 Rad8 19. Rxe8 Rxe8 20. Ne3 Bxf4 21. Nxf5+ Qxf5 22. Qxf4 Qxf4 23. gxf4 Rd8 24. d5 Ne7 25. d6 Nc6 26. f5 Rd7 27. Bxc6 bxc6 28. f3 Kh6 29. f4 Kh5 30. Kf2 Kg4 31. fxg6 hxg6 32. Ke3 Kf5 33. Rc1 Rxd6 34. Rc5+ Kg4 35. Ra5 Re6+ 36. Kf2 Re7 37. Ra4 f5 38. Rc4 Re4 39. Rxc6 Rxf4+ 40. Kg2 Rd4 41. h3+ Kf4 42. Rc2 Ke3 43. Rc3+ Rd3 44. Rc2 Rd2+ 45. Rxd2 Kxd2 46. Kf3 Kc3 47. Kf4 f6 48. h4 Kb2 49. h5 gxh5 50. Kxf5 Kxa2 0-1


[Site "https://www.chess.com"]

[Event "Titled Tuesday Blitz June 29 2021"]
[White "Alexsur1981"]
[Black "AlexPapasimakopoulos"]
[WhiteElo "2868"]
[BlackElo "2686"]
[Result "1-0"]
[Round "07"]
[TimeControl "180+1"]
[Date "2021.06.29"]
[WhiteClock "0:00:48"]
[BlackClock "0:00:13"]

1. e4 e6 2. d4 d5 3. Nd2 Nf6 4. e5 Nfd7 5. f4 c5 6. c3 Nc6 7. Ndf3 cxd4 8. cxd4 a5 9. Bd3 a4 10. a3 Nb6 11. Ne2 g6 12. O-O Na5 13. g4 h5 14. h3 Nb3 15. Rb1 Nc4 16. Kf2 b5 17. Be3 Be7 18. Rg1 hxg4 19. hxg4 Bb7 20. Rh1 Bh4+ 21. Nxh4 Rxh4 22. Ng3 Kd7 23. Qe2 Rxh1 24. Rxh1 Qb6 25. Rh7 Ke8 26. Bxc4 dxc4 27. d5 Nc5 28. dxe6 fxe6 29. f5 Qc6 30. Kg1 Rd8 31. Rh8+ Kd7 32. Rxd8+ Kxd8 33. fxg6 Ke8 34. Qf2 Nd3 35. Qf7+ Kd8 36. Qf8+ Kc7 37. Qd6+ Qxd6 38. exd6+ Kxd6 39. g7 1-0


[Site "https://www.chess.com"]

[Event "Titled Tuesday Blitz June 29 2021"]
[White "Atousa1"]
[Black "NateSolon"]
[WhiteElo "2473"]
[BlackElo "2617"]
[Result "1-0"]
[Round "07"]
[TimeControl "180+1"]
[Date "2021.06.29"]
[WhiteClock "0:01:25"]
[BlackClock "0:01:24"]

1. e4 c5 2. Nf3 d6 3. d4 cxd4 4. Nxd4 Nf6 5. Nc3 a6 6. Be2 e5 7. Nb3 Be7 8. O-O O-O 9. Be3 Be6 10. Qd3 Nbd7 11. a4 Nb6 12. Bxb6 Qxb6 13. a5 Qc7 14. Nd5 Bxd5 15. exd5 Rac8 16. c4 Nd7 17. Bg4 e4 18. Qe2 f5 19. Bh3 Qxc4 20. Qxc4 Rxc4 21. Rfc1 Rxc1+ 22. Rxc1 Bd8 23. Nd4 g6 24. Ne6 Re8 25. Rc8 Kf7 26. Rxd8 1-0


[Site "https://www.chess.com"]

[Event "Titled Tuesday Blitz June 29 2021"]
[White "BeanScreen"]
[Black "nocnypako"]
[WhiteElo "2680"]
[BlackElo "2535"]
[Result "0-1"]
[Round "07"]
[TimeControl "180+1"]
[Date "2021.06.29"]
[WhiteClock "0:00:01"]
[BlackClock "0:00:38"]

1. e4 e6 2. d4 d5 3. Nc3 Bb4 4. exd5 exd5 5. Bd3 Nf6 6. Nf3 O-O 7. O-O c6 8. Ne5 Nbd7 9. Bg5 h6 10. Bh4 Be7 11. f4 c5 12. dxc5 Nxc5 13. Bxf6 Bxf6 14. Nxd5 Bxe5 15. fxe5 Be6 16. c4 Qg5 17. b4 Bxd5 18. cxd5 Qe3+ 19. Kh1 Nxd3 20. Qc2 Rac8 21. Rf3 Ne1 22. Qxc8 Nxf3 23. Qh3 Qxe5 24. Rf1 Ng5 25. Qd3 Rd8 26. d6 Qxd6 27. Qc4 Qd3 28. Qc7 Qxf1# 0-1


[Site "https://www.chess.com"]

[Event "Titled Tuesday Blitz June 29 2021"]
[White "Beca95"]
[Black "Iball95"]
[WhiteElo "2834"]
[BlackElo "2614"]
[Result "1-0"]
[Round "07"]
[TimeControl "180+1"]
[Date "2021.06.29"]
[WhiteClock "0:01:44"]
[BlackClock "0:00:01"]

1. d4 d5 2. Nf3 Nf6 3. c4 c6 4. e3 a6 5. Nc3 b5 6. b3 Bg4 7. h3 Bxf3 8. gxf3 Nbd7 9. Qc2 e5 10. c5 g6 11. f4 exd4 12. exd4 Bg7 13. Be3 O-O 14. O-O-O Re8 15. f5 a5 16. fxg6 hxg6 17. h4 Ng4 18. Bg5 Bf6 19. Qd2 b4 20. Na4 Qe7 21. Bh3 Qe4 22. Rhg1 Bxg5 23. hxg5 f5 24. gxf6 Ndxf6 25. Nb6 Ra7 26. Rde1 Nxf2 27. Rxe4 N2xe4 28. Rxg6+ Kh8 29. Qf4 Rf8 30. Nd7 Nxd7 31. Qh6# 1-0


[Site "https://www.chess.com"]

[Event "Titled Tuesday Blitz June 29 2021"]
[White "Byniolus"]
[Black "GelmanAlexander"]
[WhiteElo "2764"]
[BlackElo "2586"]
[Result "1-0"]
[Round "07"]
[TimeControl "180+1"]
[Date "2021.06.29"]
[WhiteClock "0:00:04"]
[BlackClock "0:00:04"]

1. d4 Nf6 2. Bf4 c5 3. c3 b6 4. e3 Bb7 5. Nf3 d6 6. Bc4 Nbd7 7. Qb3 e6 8. O-O a6 9. a4 h6 10. h3 g5 11. Bg3 Rg8 12. Nbd2 h5 13. Rfd1 g4 14. hxg4 hxg4 15. Nh2 Qc7 16. Bxe6 fxe6 17. Qxe6+ Kd8 18. e4 Rg7 19. e5 Qc6 20. f3 gxf3 21. Ndxf3 Rxg3 22. exf6 Qe4 23. Re1 Qg6 24. Re2 Rxf3 25. Nxf3 Bxf3 26. Rf2 Bb7 27. a5 b5 28. Re1 Kc7 29. f7 Qxe6 30. Rxe6 Bd5 31. Re8 Rd8 32. g4 cxd4 33. g5 d3 34. g6 Ne5 35. Rxf8 Rxf8 36. g7 Rxf7 37. g8=Q Rxf2 38. Qxd5 Rxb2 39. Kf1 Nc4 40. Qf7+ Kc6 41. Qf3+ Kc5 42. Qb7 d2 43. Qa7+ Kd5 44. Qd4+ Kc6 45. Ke2 Ra2 46. Qe4+ Kc7 47. Qe7+ Kc6 48. Qe4+ Kd7 49. Qb7+ Ke6 50. Qxa6 Ra1 51. Qc8+ Kd5 52. Qf5+ Kc6 53. Qe4+ d5 54. Qe6+ Kc5 55. Qe7+ Kc6 56. Qe6+ Kb7 57. Qd7+ Ka6 58. Qc6+ Kxa5 59. Qa8+ Kb6 60. Qxa1 Kc5 61. Qg1+ d4 62. Qxd4+ Kc6 63. Kd1 Kb7 64. Qc5 Ka6 65. Kc2 Ka5 66. Qb4+ Kb6 67. Qe7 Kc6 68. Qe6+ Kc5 69. Qd7 Kb6 70. Kb3 Ka6 71. Kb4 d1=Q 72. Qxd1 1-0


[Site "https://www.chess.com"]

[Event "Titled Tuesday Blitz June 29 2021"]
[White "CSB7"]
[Black "ikhasu"]
[WhiteElo "2631"]
[BlackElo "2488"]
[Result "1/2-1/2"]
[Round "07"]
[TimeControl "180+1"]
[Date "2021.06.29"]
[WhiteClock "0:00:05"]
[BlackClock "0:00:05"]

1. e4 e5 2. Nf3 d6 3. d4 exd4 4. Nxd4 Nf6 5. Nc3 Be7 6. g3 O-O 7. Bg2 Bg4 8. Qd3 Nbd7 9. O-O Ne5 10. Qe3 c5 11. Nf5 Bxf5 12. exf5 Qc8 13. f4 Nc6 14. Nd5 Nxd5 15. Bxd5 Bf6 16. Qd3 Nb4 17. Qf3 Qxf5 18. Bxb7 Rae8 19. c3 Nc2 20. g4 Qe6 21. Bd5 Qe2 22. Qxe2 Rxe2 23. Rb1 Ne3 24. Bxe3 Rxe3 25. g5 Bd8 26. Rfe1 Rfe8 27. Kf2 Rxe1 28. Rxe1 Rxe1 29. Kxe1 Kf8 30. Kf2 f6 31. h4 fxg5 32. fxg5 h6 33. gxh6 Bxh4+ 34. Kf3 gxh6 35. Kg4 Bg5 36. Kf5 Ke7 37. b3 Bd2 38. c4 h5 39. Bf3 h4 40. Bg4 Bc3 41. Bh3 Be5 42. Bg4 Bg3 43. Bh3 Kd7 44. Ke4+ Kc6 45. Kd3 Kb6 46. a3 Be5 47. Kc2 Kc7 48. Kd3 Kd8 49. Ke4 Bb2 50. a4 Kc7 51. Kd3 Kb6 52. Ke4 Ka5 53. Kd3 Kb4 54. Kc2 Be5 55. Bg4 d5 56. cxd5 c4 57. bxc4 Kxa4 58. c5 Kb5 59. c6 Kb6 60. Kb3 Kc5 61. Bf3 Kd6 62. Ka4 Bc3 63. Kb5 Kc7 64. Ka6 Bd4 65. Bh1 h3 66. Bf3 h2 67. Bh1 Bc5 68. Kb5 Bb6 69. Ka6 Bd4 70. Kb5 Be3 71. Ka6 Bf2 72. Kb5 Be3 73. Ka6 Bf2 74. Kb5 Bb6 75. Ka6 Bd4 76. d6+ Kxd6 77. Kb7 Bb6 78. c7 Bxc7 79. Kxa7 Bd8 80. Ka6 Ke5 81. Kb5 Kf4 82. Kc4 Ke3 83. Kd5 Kf2 84. Kc4 Kg1 85. Ba8 h1=Q 86. Bxh1 1/2-1/2


[Site "https://www.chess.com"]

[Event "Titled Tuesday Blitz June 29 2021"]
[White "Caracternin123"]
[Black "1977Ivan"]
[WhiteElo "2596"]
[BlackElo "2720"]
[Result "0-1"]
[Round "07"]
[TimeControl "180+1"]
[Date "2021.06.29"]
[WhiteClock "0:00:03"]
[BlackClock "0:00:29"]

1. d4 Nf6 2. Nf3 e6 3. g3 c5 4. Bg2 cxd4 5. O-O Qc7 6. Nxd4 a6 7. b3 d5 8. Bb2 Be7 9. Nd2 e5 10. N4f3 Nc6 11. e3 Bg4 12. h3 Bh5 13. g4 Bg6 14. c4 e4 15. Nd4 Ne5 16. g5 Nfd7 17. cxd5 Nd3 18. Rb1 N7c5 19. b4 Nxb4 20. Ba3 Nbd3 21. Nxe4 Nxe4 22. Qxd3 Nc3 23. e4 Nxb1 24. d6 Bxd6 25. Nb5 axb5 26. Bxd6 Qc4 27. Qxc4 bxc4 28. Rxb1 Kd7 29. Rd1 b5 30. a3 Rhd8 31. e5 Bd3 32. Bxa8 Rxa8 33. f4 Ke6 34. Kf2 Kf5 35. Ke3 Rh8 36. Rd2 h6 37. Rg2 g6 38. h4 hxg5 39. Rxg5+ Ke6 40. Rg4 Bf5 41. Rg2 Rxh4 42. Rb2 Rh3+ 43. Kd4 c3 44. Rxb5 c2 45. Rc5 Rh1 46. Rc7 Rd1+ 47. Ke3 c1=Q+ 48. Rxc1 Rxc1 49. a4 Ra1 50. a5 Rxa5 51. Kd4 0-1


[Site "https://www.chess.com"]

[Event "Titled Tuesday Blitz June 29 2021"]
[White "Carnivoras"]
[Black "nrvisakh"]
[WhiteElo "2651"]
[BlackElo "2848"]
[Result "1/2-1/2"]
[Round "07"]
[TimeControl "180+1"]
[Date "2021.06.29"]
[WhiteClock "0:00:31"]
[BlackClock "0:01:00"]

1. d4 Nf6 2. c4 e6 3. Nc3 d5 4. cxd5 exd5 5. Bg5 Be7 6. e3 c6 7. Bd3 O-O 8. Nge2 h6 9. Bh4 Re8 10. O-O Nbd7 11. Qc2 Nf8 12. f3 Nh5 13. Bf2 Bh4 14. Ng3 Nxg3 15. hxg3 Bf6 16. Rad1 h5 17. e4 h4 18. e5 hxg3 19. Bxg3 Bh4 20. Qf2 Bxg3 21. Qxg3 Ne6 22. Ne2 Qg5 23. Qh2 Qe3+ 24. Kh1 Qh6 25. Qxh6 gxh6 26. f4 a5 27. f5 Ng5 28. Nf4 Rd8 29. g4 b6 30. Kg2 c5 31. Rh1 Kg7 32. f6+ Kf8 33. Rxh6 Ke8 34. Rh8+ Kd7 35. Bf5+ Kc7 36. Rxd8 Kxd8 37. dxc5 Bxf5 38. gxf5 bxc5 39. Rxd5+ Kc7 40. Rxc5+ Kb6 41. Rd5 Rg8 42. Kf2 Kc6 43. Rxa5 Rh8 44. b4 Rh2+ 45. Ke3 Rb2 46. a3 Rb3+ 47. Kd4 Nf3+ 48. Kc4 Nd2+ 49. Kd4 Nf3+ 50. Ke4 Ng5+ 51. Kd4 Nf3+ 1/2-1/2


[Site "https://www.chess.com"]

[Event "Titled Tuesday Blitz June 29 2021"]
[White "ChessQueen"]
[Black "ozates"]
[WhiteElo "2663"]
[BlackElo "2513"]
[Result "1/2-1/2"]
[Round "07"]
[TimeControl "180+1"]
[Date "2021.06.29"]
[WhiteClock "0:00:35"]
[BlackClock "0:00:11"]

1. e4 c5 2. c3 d5 3. exd5 Nf6 4. d4 cxd4 5. cxd4 Nxd5 6. Nf3 Nc6 7. Nc3 Bg4 8. Be2 e6 9. O-O Be7 10. h3 Bh5 11. Re1 O-O 12. g4 Bg6 13. Ne5 Nxe5 14. dxe5 Nxc3 15. bxc3 Qc7 16. Qd4 Rfd8 17. Qe3 Rac8 18. Qg3 Qxc3 19. Be3 b6 20. h4 h6 21. h5 Bh7 22. Ba6 Rb8 23. Rac1 Qa5 24. Bc4 Ba3 25. Rcd1 Bc2 26. Rxd8+ Rxd8 27. Rf1 Bb2 28. Bf4 Qc5 29. Be2 Rd5 30. Bf3 Rd3 31. Re1 Qc3 32. Re3 Rxe3 33. fxe3 Bc1 34. Bg2 Qa1 35. Kh2 Qxa2 36. Qf3 Kh7 37. Qb7 Bd3 38. Kh3 Qf2 39. Be4+ Bxe4 40. Qxe4+ Kg8 41. Qa8+ Kh7 42. Qe4+ Kg8 43. Qa8+ Kh7 44. Qe4+ 1/2-1/2


[Site "https://www.chess.com"]

[Event "Titled Tuesday Blitz June 29 2021"]
[White "ChristopherYoo"]
[Black "RobertoJBM"]
[WhiteElo "2932"]
[BlackElo "2668"]
[Result "1-0"]
[Round "07"]
[TimeControl "180+1"]
[Date "2021.06.29"]
[WhiteClock "0:00:21"]
[BlackClock "0:00:12"]

1. e4 c6 2. d4 d5 3. exd5 cxd5 4. c4 Nf6 5. Nc3 e6 6. Nf3 Be7 7. cxd5 Nxd5 8. Bd3 Nc6 9. O-O O-O 10. Nxd5 Qxd5 11. a3 Rd8 12. Qc2 g6 13. Be3 Bd7 14. Be4 Qh5 15. b4 Rac8 16. Qb3 Bf6 17. Rac1 b6 18. h3 Ne7 19. Kh2 Bc6 20. Bxc6 Nxc6 21. Rc2 Ne7 22. Rfc1 Rxc2 23. Rxc2 Qd5 24. Qa4 Qd7 25. Qa6 Rc8 26. Rxc8+ Nxc8 27. Bf4 Ne7 28. Be5 Bxe5+ 29. dxe5 Nc6 30. Qc4 Kf8 31. h4 Qd5 32. Qf4 Ke8 33. h5 gxh5 34. Qg5 Qe4 35. Qxh5 Qg6 36. Qh4 Qf5 37. Qg3 Ne7 38. Qg7 Nc6 39. Kg3 h5 40. Kh4 Ne7 41. Qg5 Ng6+ 42. Kxh5 Nf4+ 43. Kh4 Qxg5+ 44. Kxg5 Nxg2 45. Kg4 f6 46. exf6 e5 47. Nxe5 Ne1 48. Kf5 1-0


[Site "https://www.chess.com"]

[Event "Titled Tuesday Blitz June 29 2021"]
[White "Das_Virus_2020"]
[Black "Supernotar"]
[WhiteElo "2571"]
[BlackElo "2700"]
[Result "0-1"]
[Round "07"]
[TimeControl "180+1"]
[Date "2021.06.29"]
[WhiteClock "0:02:35"]
[BlackClock "0:02:17"]

1. e4 c6 2. d4 d5 3. Nc3 dxe4 4. Nxe4 Bf5 5. Nc5 e5 6. Nxb7 Qb6 7. Nc5 Bxc5 8. dxc5 Qxc5 9. c3 Nf6 10. Be3 Qe7 11. Nf3 O-O 12. Be2 Nbd7 13. O-O Nd5 14. Qc1 Nxe3 15. Qxe3 Rfe8 16. Rad1 Nb6 17. b3 Nd5 18. Qc1 Nf4 19. Bc4 Be6 20. Bxe6 Ne2+ 0-1


[Site "https://www.chess.com"]